 Dungeon Crawl Stone Soup version 0.26.1-11-gd32895ea62 (webtiles) character file.

Game seed: 15797850146694023144

1548 Gerhazo the Destroyer (level 8, -6/57 HPs)
             Began as a Purple Draconian Conjurer on June 3, 2021.
             Mangled by an orc warrior
             ... wielding a +0 trident
              (14 damage)
             ... on level 6 of the Dungeon.
             The game lasted 00:05:34 (4309 turns).

Gerhazo the Destroyer (Purple Draconian Conjurer)   Turns: 4309, Time: 00:05:35

Health: -6/57      AC:  6    Str: 10    XL:     8   Next: 57%
Magic:  5/18       EV: 12    Int: 20    God:
Gold:   159        SH:  0    Dex: 10    Spells: 13/20 levels left

rFire    . . .     SeeInvis .   u - +1 short sword (venom)
rCold    . . .     Faith    .   (no shield)
rNeg     . . .     Spirit   .   (armour unavailable)
rPois    .         Reflect  .   (helmet restricted)
rElec    .         Harm     .   (no cloak)
rCorr    .         Rampage  .   (no gloves)
Will     +....                  (no boots)
Stlth    ++........             (no amulet)
HPRegen  0.19/turn              (no ring)
MPRegen  0.16/turn              (no ring)

@: short of breath
A: breathe power, unfitting armour, cold-blooded, AC +6
a: Breathe Dispelling Energy


You were on level 6 of the Dungeon.
You visited 1 branch of the dungeon, and saw 6 of its levels.

You collected 159 gold pieces.

Inventory:

Hand Weapons
 u - a +1 short sword of venom (weapon)
Missiles
 m - a throwing net
Wands
 t - a wand of random effects (19)
Scrolls
 a - 2 scrolls of immolation {unknown}
 b - 5 scrolls of identify {unknown}
 d - a scroll of noise {unknown}
 f - a scroll of fear {unknown}
 g - 4 scrolls of teleportation {unknown}
 h - 4 scrolls of blinking {unknown}
 k - a scroll of amnesia {unknown}
 o - 2 scrolls of remove curse {unknown}
 p - a scroll of magic mapping {unknown}
 s - 2 scrolls of enchant weapon {unknown}
Potions
 c - 2 potions of curing {unknown}
 e - a potion of cancellation {unknown}
 i - a potion of invisibility {unknown}
 j - a potion of heal wounds {unknown}
 l - 2 potions of mutation {unknown}
 n - 2 potions of resistance {unknown}
 q - a potion of lignification {unknown}
 r - a potion of attraction {unknown}


   Skills:
 - Level 1.7 Dodging
 - Level 1.7 Stealth
 + Level 6.7 Spellcasting
 * Level 9.1 Conjurations
 * Level 4.0 Fire Magic


You had 13 spell levels left.
You knew the following spells:

 Your Spells              Type           Power        Failure   Level
a - Magic Dart            Conj           100%         1%          1
b - Searing Ray           Conj           86%          1%          2
d - Iskenderun's Mystic   Conj/Tloc      24%          16%         4

Your spell library contained the following spells:

 Spells                   Type           Power        Failure   Level
 Dazzling Flash           Conj/Hex       48%          4%          3
 Fulminant Prism          Conj/Hex       12%          16%         4


Dungeon Overview and Level Annotations

Branches:
Dungeon (6/15)
 Temple: D:4-7

Altars:

Shops:
D:5 [(

Annotations:
D:6 Menkaure


Innate Abilities, Weirdness & Mutations

You can breathe bolts of dispelling energy.
Your rich purple scales are hard. (AC +6)
You cannot fit into any form of body armour.
You are cold-blooded and may be slowed by cold attacks.


Message History

Your magical contamination has completely faded away.
Casting: Iskenderun's Mystic Blast (dangerous; 16% risk of failure)
Confirm with . or Enter, or press ? or * to list all spells.
Aiming: Searing Ray (safe; 1% risk of failure)
Press: ? - help, Shift-Dir - straight line, f/p - Dowan
Aim: Dowan, wielding a +0 dagger and wearing a +0 robe (moderately wounded, fast, 25% to evade)
The searing ray hits Dowan!
Dowan is severely wounded. (Press . to maintain the ray.) Dowan points at you and mumbles some strange words.
The stone arrow misses you.
The searing ray hits Dowan!
You kill Dowan!
The searing ray hits the orc!
You kill the orc!
The orc warrior hits you from afar with a +0 trident!
* * * LOW HITPOINT WARNING * * *
Your Fire Magic skill increases to level 4!
The orc warrior hits you from afar with a +0 trident!
You die...

....................
..............# .#
.....#..#.....## #.##
.....##...#.)..##...##
.......e..#.#.)......###
.........#..###r.......#
........##...##oo.....##
....#.#e##....#........#
....#.#.......#.@#.##..#
....#....#.#...#.### ##
#o###..###.#...#.#
#..#..## ..##...#
......# #.. #..##
......####.## #.#
........#...###..
...$....##.##....
.....[..$..#...#


You could see an orc warrior, an orc and a quokka.

Vanquished Creatures
  Grinder (D:6)
  Duvessa (D:6)
  An ice beast (D:6)
  A sky beast (D:5)
  2 ogres (D:5)
  A centaur (D:5)
  Dowan (D:6)
  2 howler monkeys
  A bullfrog zombie (D:6)
  5 hounds
  An iguana (D:6)
  10 orc wizards
  Natasha (D:2)
  3 worker ants
  A worker ant zombie (D:6)
  3 gnolls (D:4)
  2 adders
  An ooze (D:5)
  An adder zombie (D:6)
  A leopard gecko (D:6)
  19 orcs
  A bat (D:1)
  A giant cockroach (D:5)
  A goblin (D:1)
  2 hobgoblins (D:1)
  3 kobolds
  A frilled lizard (D:1)
  A jackal zombie (D:6)
  A leopard gecko zombie (D:5)
70 creatures vanquished.

Notes
Turn   | Place    | Note
-------+----------+-------------------------------------------
     0 | D:1      | Gerhazo the Draconian Conjurer began the quest for the Orb.
     0 | D:1      | Reached XP level 1. HP: 14/14 MP: 3/3
   468 | D:1      | Reached XP level 2. HP: 19/20 MP: 0/5
   683 | D:1      | Learned a level 2 spell: Searing Ray
   685 | D:2      | Noticed Natasha
   692 | D:2      | Killed Natasha
   693 | D:2      | Reached XP level 3. HP: 16/26 MP: 2/6
   854 | D:4      | Reached skill level 5 in Conjurations
   976 | D:4      | Reached XP level 4. HP: 33/33 MP: 4/8
  1350 | D:4      | Reached XP level 5. HP: 38/38 MP: 2/9
  1523 | D:4      | Reached skill level 6 in Conjurations
  1738 | D:5      | Entered Level 5 of the Dungeon
  1738 | D:5      | Noticed a centaur
  1744 | D:5      | Killed a centaur
  1745 | D:5      | Reached XP level 6. HP: 18/45 MP: 3/11
  2152 | D:5      | Found Riyhus's Weapon Shop.
  2236 | D:5      | Reached skill level 7 in Conjurations
  2674 | D:5      | Your scales start taking on a rich purple colour.
  2674 | D:5      | Reached skill level 5 in Spellcasting
  2674 | D:5      | Reached XP level 7. HP: 41/50 MP: 8/14
  2924 | D:5      | Found Fiz Offu's Antique Armour Emporium.
  3162 | D:5      | Learned a level 4 spell: Iskenderun's Mystic Blast
  3195 | D:6      | Noticed Duvessa
  3198 | D:6      | Noticed Menkaure
  3199 | D:6      | Noticed Dowan
  3248 | D:5      | Reached skill level 8 in Conjurations
  3659 | D:6      | Reached skill level 1 in Fire Magic
  3696 | D:6      | Noticed Grinder
  3714 | D:6      | Killed Grinder
  3715 | D:6      | Reached XP level 8. HP: 37/57 MP: 3/17
  4019 | D:6      | Killed Duvessa
  4265 | D:6      | Reached skill level 9 in Conjurations
  4306 | D:6      | Killed Dowan
  4309 | D:6      | Mangled by an orc warrior

Illustrated notes

Levels and vault maps discovered:
D:1:      dpeg_arrival_boxes_within_box, layout_basic
D:2:      layout_basic, minmay_heptomino_l4, uniq_natasha
D:3:      layout_loops_ring, uniq_crazy_yiuf_cottage
D:4:      layout_basic, nicolae_overflow_hidden_temple
D:5:      kb_forest_paths, layout_loops_ring, serial_glass, glass_columns_a,
          glass_columns_c, serial_shops, shop, minmay_misc_feat_four_crosses,
          minmay_shop_grid_forest, dk_rats_in_the_wall
D:6:      layout_cave_pools, uniq_grinder, uniq_duvessa, uniq_eustachio,
          uniq_menkaure

Skill      XL: |  1  2  3  4  5  6  7  8 |
---------------+-------------------------+-----
Conjurations   | 5 6 7 8 9 |  9.1
Spellcasting   | 3 5 6 |  6.7
Fire Magic     | 2 4 |  4.0
Dodging        | |  1.7
Stealth        | |  1.7

Action                   |  1- 3 |  4- 6 |  7- 9 || total
-------------------------+-------+-------+-------++-------
Melee: Unarmed           |     3 |       |       ||     3
       Club              |       |    17 |       ||    17
       Tailslap          |       |     1 |       ||     1
 Cast: Magic Dart        |    14 |       |     1 ||    15
       Searing Ray       |     4 |    25 |    27 ||    56
       Iskenderun's Myst |       |       |     5 ||     5
 Abil: Breathe Dispellin |       |       |     2 ||     2
Armor: Skin              |     2 |    12 |    11 ||    25
Dodge: Dodged            |     4 |    27 |    21 ||    52
